 Dungeon Crawl Stone Soup version 0.21-a0-26-g7b23a2f (webtiles) character file.

200 anfisbena the Skirmisher (level 5, -2/50 HPs)
             Began as a Hill Orc Fighter on May 25, 2017.
             Slain by a gnoll
             ... wielding a +0 spear
              (3 damage)
             ... on level 3 of the Dungeon.
             The game lasted 00:02:06 (2205 turns).

anfisbena the Skirmisher (Hill Orc Fighter)         Turns: 2205, Time: 00:02:06

Health: -2/50      AC:  6    Str: 24    XL:     5   Next: 79%
Magic:  5/5        EV:  7    Int:  8    God:
Gold:   132        SH:  9    Dex: 11    Spells: 4/4 levels left

rFire    . . .     SeeInvis .   l - +3 hand axe
rCold    . . .     Gourm    .   c - +0 shield
rNeg     . . .     Faith    .   b - +0 scale mail
rPois    .         Spirit   .   (no helmet)
rElec    .         Reflect  .   (no cloak)
rCorr    .         Harm     .   (no gloves)
MR       +....                  (no boots)
Stlth    ..........             (no amulet)
Regen    0.2/turn               e - ring of protection from magic
MPRegen  0.1/turn               (no ring)

@: mighty
A: no striking features
a: no special abilities


You were on level 3 of the Dungeon.
You were not hungry.

You visited 1 branch of the dungeon, and saw 3 of its levels.

You collected 132 gold pieces.

Inventory:

Hand Weapons
 l - a +3 hand axe (weapon)
Armour
 b - a +0 scale mail (worn)
 c - a +0 shield (worn)
Jewellery
 e - a ring of protection from magic (left hand)
Scrolls
 i - a scroll of fear {unknown}
 j - 2 scrolls of remove curse {unknown}
 o - 3 scrolls of magic mapping {unknown}
 p - a scroll of identify {unknown}
 q - a scroll of noise {unknown}
Potions
 d - a potion of might
 g - a potion of curing {unknown}
 k - a potion of cancellation {unknown}
 m - 2 potions of berserk rage {unknown}
 n - a potion of mutation {unknown}
Comestibles
 a - a royal jelly
 f - a bread ration
 h - a meat ration
 r - 4 chunks of flesh


   Skills:
 + Level 6.0 Fighting
 + Level 5.5 Axes
 - Level 3.2 Armour
 - Level 3.2 Shields


You had 4 spell levels left.
You didn't know any spells.

Dungeon Overview and Level Annotations

Branches:
Dungeon (3/15)

Altars:
Wu Jian


Message History

The gnoll is severely wounded.
You hit the gnoll.
You kill the gnoll!
The gnoll hits you from afar with a spear.
* * * LOW HITPOINT WARNING * * *
The gnoll hits you but does no damage. The adder bites you but does no damage.
You block the gnoll's attack.
You closely miss the gnoll.
The gnoll is severely wounded.
You slash the adder!
You kill the adder!
Your Fighting skill increases to level 6!
The gnoll hits you.
* * * LOW HITPOINT WARNING * * *
You block the gnoll's attack.
You slash the gnoll!
You kill the gnoll!
You block the gnoll's attack. The worm bites you but does no damage.
The gnoll hits you with a spear.
You die...

...........#
.........>#
.....#.....
..........
#.........
#.........
#wg.......
+.@†......
+)<)......
#....).[....
#..........#
#.......#...#
#.......+...+
#.......# ..#
#.......# .#
#.......#


You could see a worm and a gnoll.

Vanquished Creatures
  Natasha (thrice) (D:2)
  3 gnolls (D:3)
  4 adders
  An ooze (D:1)
  A dart slug (D:2)
  A ball python (D:1)
  7 giant cockroaches
  6 goblins
  9 hobgoblins
  4 jackals (D:1)
  3 kobolds (D:2)
  A quokka (D:2)
  5 bats
  2 frilled lizards
  6 rats
56 creatures vanquished.

Notes
Turn   | Place    | Note
-------+----------+-------------------------------------------
     0 | D:1      | anfisbena the Hill Orc Fighter began the quest for the Orb.
     0 | D:1      | Reached XP level 1. HP: 19/19 MP: 1/1
   206 | D:1      | Reached skill level 4 in Fighting
   206 | D:1      | Reached XP level 2. HP: 26/27 MP: 2/2
   480 | D:1      | Reached XP level 3. HP: 33/34 MP: 3/3
   999 | D:2      | Noticed Natasha
  1006 | D:2      | Killed Natasha
  1006 | D:2      | Reached skill level 5 in Fighting
  1006 | D:2      | Reached XP level 4. HP: 25/42 MP: 4/4
  1176 | D:2      | Found an ornate altar of the Wu Jian Council.
  1225 | D:2      | Noticed Natasha
  1233 | D:2      | Killed Natasha
  1398 | D:2      | Found a faded altar of an unknown god.
  1563 | D:2      | Reached XP level 5. HP: 48/48 MP: 5/5
  1644 | D:2      | Noticed Natasha
  1654 | D:2      | Killed Natasha
  1654 | D:2      | Reached skill level 5 in Axes
  2203 | D:3      | Reached skill level 6 in Fighting
  2203 | D:3      | HP: 1/50 [gnoll (6)]
  2205 | D:3      | Slain by a gnoll

Vault maps used:
D:1:      dpeg_arrival_line_fractal, minmay_misc_feat_tower
D:2:      overflow_temple_1_default, chequers_ecumenical_altar_grove,
          uniq_natasha
D:3:      first_bread

Skill      XL: |  1  2  3  4  5 |
---------------+----------------+-----
Axes           | 3 4 5 |  5.5
Fighting       | 4 5 6 |  6.0
Armour         | |  3.2
Shields        | |  3.2

Action                   |  1- 3 |  4- 6 || total
-------------------------+-------+-------++-------
Melee: War axe           |    57 |       ||    57
       Hand axe          |    41 |    64 ||   105
  Use: Potion            |       |     1 ||     1
  Eat: Chunk             |       |     4 ||     4
Armor: Scale mail        |    44 |    21 ||    65
Dodge: Dodged            |    21 |    13 ||    34
Block: Shield            |    58 |    38 ||    96
